 Dungeon Crawl Stone Soup version 0.28-a0-447-g1f95980246 (webtiles) character file.

Game seed: 8736319849902211683

479 mandarbmax the Firebug (level 7, -9/63 HPs)
             Began as a Naga Cinder Acolyte on Sept 2, 2021.
             Was an Elder of Ignis.
             Mangled by an ogre (21 damage)
             ... on level 5 of the Dungeon on Sept 12, 2021.
             The game lasted 00:13:45 (4796 turns).

mandarbmax the Firebug (Naga Cinder Acolyte)        Turns: 4796, Time: 00:13:46

Health: -9/63      AC:  4    Str: 17    XL:     7   Next: 11%
Magic:  10/13      EV:  9    Int: 16    God:    Ignis [****..]
Gold:   300        SH:  0    Dex:  6    Spells: 13/14 levels left

rFire   + . .      SeeInvis +   a - +1 hand axe (flame)
rCold   . . .      Faith    .   (no shield)
rNeg    . . .      Spirit   .   b - +1 robe
rPois   +          Reflect  .   (no helmet)
rElec   .          Harm     .   (no cloak)
rCorr   .          Rampage  .   (no gloves)
Will    +....                   (no barding)
Stlth   ..........              l - amulet of the acrobat
HPRegen 0.20/turn               c - ring of willpower
MPRegen 0.13/turn               (no ring)

@: silenced, hasted, quick
A: AC +2, large, see invisible, deformed body, poison resistance, slowness 2,
spit poison 1, naga tail 1
a: Spit Poison, Renounce Religion


You were on level 5 of the Dungeon.
You worshipped Ignis.
Ignis was greatly pleased with you.
You visited 1 branch of the dungeon, and saw 5 of its levels.

You collected 300 gold pieces.

Inventory:

Hand Weapons
 a - a +1 hand axe of flaming (weapon)
Armour
 b - a +1 robe (worn)
Jewellery
 c - a ring of willpower (left hand)
 l - an amulet of the acrobat (around neck)
Scrolls
 g - a scroll of enchant armour
 n - a scroll of holy word
 o - a scroll of teleportation {unknown}
 p - a scroll of identify
Potions
 e - a potion of berserk rage {unknown}
 h - a potion of might {unknown}
 i - a potion of magic {unknown}
 j - 2 potions of curing {unknown}
 k - a potion of invisibility {unknown}


   Skills:
 + Level 3.9 Fighting
 - Level 3.0 Axes
 - Level 1.0 Armour
 - Level 2.0 Dodging
 - Level 4.0 Spellcasting
 - Level 4.0 Fire Magic


You had 13 spell levels left.
You knew the following spells:

 Your Spells              Type           Power      Damage    Failure   Level
a - Foxfire               Conj/Fire      36%        2x1d5     8%          1

Your spell library contained the following spells:

 Spells                   Type           Power      Damage    Failure   Level
 Shock                    Conj/Air       12%        1d3       17%         1
 Swiftness                Air            3%         N/A       45%         3
 Airstrike                Air            1%         N/A       86%         4


Dungeon Overview and Level Annotations

Branches:
Dungeon (5/15)
 Temple: D:4-7

Altars:
Nemelex Xobeh
Xom

Shops:
D:3 :

Annotations:
D:4 1 runed translucent door, Crazy Yiuf


Innate Abilities, Weirdness & Mutations

Your serpentine skin is tough. (AC +2)
You have supernaturally acute eyesight. (SInv)
Armour fits poorly on your strangely shaped body.
Your system is resistant to poisons. (rPois)
You cover ground very slowly.
You can spit poison.
You have a snake-like lower body.


Message History

The foxfire hits the ogre.
The ogre is heavily wounded.
The foxfire hits the necrophage.
The necrophage is lightly damaged.
The ogre closely misses you.
Press: ? - help, Shift-Dir - straight line, f - ogre
Aim: an ogre, wielding a +0 giant club (heavily wounded, poisoned)
The splash of poison misses the ogre.
Unknown command.
The ogre misses you.
You conjure some foxfire!
The necrophage hits you. The ogre barely misses you.
The foxfire hits the necrophage.
The necrophage is lightly damaged.
The foxfire hits the necrophage.
The necrophage is moderately damaged.
A wight comes into view. It is wielding a +0 flail.
You conjure some foxfire!
The ogre looks more healthy.
The wight hits you with a +0 great sword!!
The necrophage barely misses you.
The foxfire hits the ogre but does no damage.
The ogre is heavily wounded.
Your foxfire dissipates!
You have got your breath back.
The wight misses you. The necrophage completely misses you.
As you read the scroll labelled TABUH PUOLL, it crumbles to dust.
It is a scroll of identify.
n - a scroll of holy word The wight hits you from afar with a +0 spear.
The necrophage hits you.
As you read the scroll labelled CALESY CUEFOMI, it crumbles to dust.
A profound silence engulfs you.
It was a scroll of silence.
The ogre hits you with a +0 giant club!
* * * LOW HITPOINT WARNING * * *
The wight hits you from afar with a +0 spear.
* * * LOW HITPOINT WARNING * * *
The necrophage closely misses you. The wight closely misses you.
Okay, then.
You feel yourself speed up.
The ogre hits you with a +0 giant club!!
You die...

#8...8#.##.###
##...#### .#
##.....## .#
#.......###
#8.........8#
#...........##
.....###.....##
....# ##.....##
...8 #8.z@.8#
.# #####O.n##
#.....z.##
#.##...z.######
###.#......#
#.#..###..#
#.....##
....###.. #..#
#..<


You could see an ogre, a necrophage and 3 wights.

Vanquished Creatures
  An ogre (D:4)
  A necrophage (D:3)
  A scorpion (D:4)
  A water moccasin skeleton (D:4)
  An iguana (D:5)
  An orc wizard (D:5)
  7 adders
  An ufetubus (D:2)
  A dart slug (D:3)
  3 orcs
  4 bats
  7 endoplasms
  3 giant cockroaches
  8 goblins
  12 hobgoblins
  4 quokkas
  5 ball pythons
  4 frilled lizards
  9 kobolds
  2 rats
76 creatures vanquished.

Vanquished Creatures (collateral kills)
  A foxfire (D:5)
1 creature vanquished.

Vanquished Creatures (others)
  297 foxfires
297 creatures vanquished.

Grand Total: 374 creatures vanquished

Notes
Turn   | Place    | Note
-------+----------+-------------------------------------------
     0 | D:1      | mandarbmax the Naga Cinder Acolyte began the quest for the
                  | Orb.
     0 | D:1      | Reached XP level 1. HP: 21/21 MP: 2/2
   259 | D:1      | Reached XP level 2. HP: 28/28 MP: 0/4
   737 | D:1      | Found a faded altar of an unknown god.
   898 | D:2      | Reached XP level 3. HP: 34/34 MP: 0/6
  1215 | D:2      | Reached XP level 4. HP: 16/42 MP: 0/7
  2441 | D:3      | Found Dacusm's Book Boutique.
  2521 | D:3      | Found a shimmering altar of Xom.
  2666 | D:3      | Noticed a necrophage
  3030 | D:3      | Found a sparkling altar of Nemelex Xobeh.
  3059 | D:3      | Killed a necrophage
  3060 | D:3      | Reached XP level 5. HP: 13/49 MP: 5/10
  3691 | D:4      | Reached XP level 6. HP: 56/56 MP: 10/12
  3911 | D:4      | Reached skill level 1 in Armour
  4006 | D:4      | Reached skill level 1 in Dodging
  4167 | D:4      | Upgraded the game from 0.28-a0-381-g937acc2988 to
                  | 0.28-a0-447-g1f95980246
  4318 | D:4      | Found a runed translucent door.
  4319 | D:4      | Noticed Crazy Yiuf
  4586 | D:5      | Entered Level 5 of the Dungeon
  4616 | D:5      | Reached XP level 7. HP: 63/63 MP: 2/13
  4796 | D:5      | Mangled by an ogre

Illustrated notes

Levels and vault maps discovered:
D:1:      minmay_arrival_wavy_path, layout_loops_cross,
          hellmonk_ecumenical_altar_crossroads, minmay_small_reverse_x
D:2:      layout_basic, kennysheep_generic_room_7
D:3:      layout_loops_ring, mainiacjoe_overflow_alcove_4,
          mainiacjoe_overflow_surrounded_room, serial_shops, nicolae_shop_stone,
          minmay_misc_feat_tower
D:4:      layout_rooms, nicolae_overflow_hidden_temple, uniq_crazy_yiuf_cottage
D:5:      layout_rooms, lemuel_doored_altar, serial_shops, kennysheep_mini,
          chequers_hall_statues_y

Skill      XL: |  1  2  3  4  5  6 |
---------------+-------------------+-----
Fire Magic     | 2 3 4 |  4.0
Spellcasting   | 2 3 4 |  4.0
Armour         | 1 |  1.0
Dodging        | 2 |  2.0
Fighting       | |  3.9
Axes           | |  3.0

Action                   |  1- 3 |  4- 6 |  7- 9 || total
-------------------------+-------+-------+-------++-------
Melee: Hand axe          |    12 |    46 |     1 ||    59
 Cast: Foxfire           |    49 |   109 |    13 ||   171
Invok: Rising Flame      |       |     1 |       ||     1
 Abil: Spit Poison       |    10 |    10 |     3 ||    23
  Use: Scroll            |       |     6 |     2 ||     8
       Potion            |       |       |     1 ||     1
Armor: Robe              |     3 |    20 |     1 ||    24
Dodge: Dodged            |     9 |    42 |    15 ||    66

Table legend: (Time is in decaauts)
 A = Elapsed time spent in this place.
 B = Non-inter-level travel time spent in this place.
 C = Inter-level travel time spent in this place.
 D = Time resting spent in this place.
 E = Time spent auto-exploring this place.
 F = Levels seen in this place.
 G = Mean time per level.
                   A        B        C        D        E       F      G
               +--------+--------+--------+--------+--------+-----+--------+
         Total |   5720 |   5537 |    183 |    303 |   4645 |   5 | 1144.0 |
       Dungeon |   5720 |   5537 |    183 |    303 |   4645 |   5 | 1144.0 |
               +--------+--------+--------+--------+--------+-----+--------+

Top non-repeatable levels by time:
     D:2: 1738 daAuts
     D:3: 1423 daAuts
     D:4: 1227 daAuts
     D:1: 1103 daAuts
     D:5: 227 daAuts
